[ AOE2 MATCH · #504009951 ]
UnrankedSpanish vs Jurchens
[ REPLAY ANALYSIS · EXTRACTED FROM THE RECORDED GAME ]
Feudal
11:50
Castle
16:04
Imperial
36:59
| APM avg | 36.1 |
| APM peak | 68 |
| eAPM avg | 21.4 |
| Villagers / military | 104 / 64 |
Focus
⚔️ 29.3% · 🌾 70.7%
Conquistador ×63 · Petard ×1
Feudal
10:11
Castle
13:43
Imperial
28:52
| APM avg | 44.7 |
| APM peak | 88 |
| eAPM avg | 26.7 |
| Villagers / military | 173 / 127 |
Focus
⚔️ 30.4% · 🌾 69.6%
Steppe Lancer ×115 · Battering Ram ×8 · Unknown (1908) ×6 · Trebuchet (Packed) ×4
Feudal
10:56
Castle
14:26
Imperial
34:54
| APM avg | 54.0 |
| APM peak | 89 |
| eAPM avg | 35.5 |
| Villagers / military | 172 / 220 |
Focus
⚔️ 31.3% · 🌾 68.7%
Militia ×142 · Spearman ×28 · Battering Ram ×25 · Centurion ×9 · Monk ×8 · Mangonel ×6
Feudal
12:39
Castle
16:09
Imperial
20:37
| APM avg | 45.1 |
| APM peak | 125 |
| eAPM avg | 20.6 |
| Villagers / military | 112 / 58 |
Focus
⚔️ 31.1% · 🌾 68.9%
Monk ×52 · Trebuchet (Packed) ×5 · Battering Ram ×1
Feudal
12:21
Castle
15:51
Imperial
22:20
| APM avg | 23.5 |
| APM peak | 51 |
| eAPM avg | 13.8 |
| Villagers / military | 75 / 29 |
Focus
⚔️ 31.5% · 🌾 68.5%
Genoese Crossbowman ×25 · Bombard Cannon ×3 · Trebuchet (Packed) ×1
Feudal
11:44
Castle
21:11
Imperial
34:32
| APM avg | 29.8 |
| APM peak | 63 |
| eAPM avg | 16.0 |
| Villagers / military | 131 / 206 |
Focus
⚔️ 19.4% · 🌾 80.6%
Scout Cavalry ×116 · Knight ×89 · Monk ×1
Feudal
10:56
Castle
14:27
Imperial
27:51
| APM avg | 27.0 |
| APM peak | 42 |
| eAPM avg | 16.3 |
| Villagers / military | 121 / 85 |
Focus
⚔️ 25.2% · 🌾 74.8%
Woad Raider ×64 · Scorpion ×10 · Trebuchet (Packed) ×4 · Monk ×3 · Mangonel ×3 · Battering Ram ×1
Feudal
10:55
Castle
14:25
Imperial
33:55
| APM avg | 39.6 |
| APM peak | 74 |
| eAPM avg | 23.0 |
| Villagers / military | 156 / 73 |
Focus
⚔️ 38.3% · 🌾 61.7%
Ghulam ×40 · Hand Cannoneer ×22 · Unknown (882) ×11 · Armored Elephant ×4 · Trebuchet (Packed) ×4 · Petard ×2
Match map
Initial resources + every placement click. Lines = walls · curves = elevation contours. ◆ gold · ⬟ stone · ● berries · ✦ relic · ◌ wall gap
Your base· ✓ Closed at 16:04 · 0t walls · 3 gate(s)
母猫大师不爱出冲车's base· ✓ Closed at 13:43 · 0t walls · 3 gate(s)
bbcc's base· ✓ Closed at 14:26 · 0t walls · 2 gate(s)
CNZS_KK's base· ✓ Closed at 16:09 · 0t walls · 2 gate(s)
zz0822's base· ✓ Closed at 15:51 · 0t walls · 3 gate(s)
萊姆王帥帥毛's base· ✓ Closed at 21:11 · 0t walls · 2 gate(s)
状态好冲k分's base· ✓ Closed at 14:27 · 0t walls · 3 gate(s)
角巻肚肚鳥's base· ✓ Closed at 14:25 · 0t walls · 2 gate(s)
Smoothed initial terrain · ◌ = detected wall gap · hover for details
Inputs per minute
— mkild12592512ihad - - 母猫大师不爱出冲车
Build order — mkild12592512ihad
First 150 of 303 actions detected
| 0:01 | Queue | Villager (Male) |
| 0:01 | Queue | Villager (Male) |
| 0:02 | Queue | Villager (Male) |
| 0:03 | Build | House |
| 0:06 | Build | House |
| 0:15 | Queue | Villager (Male) |
| 1:28 | Queue | Villager (Male) |
| 1:44 | Build | Lumber Camp |
| 1:51 | Queue | Villager (Male) |
| 2:09 | Queue | Villager (Male) |
| 2:42 | Queue | Villager (Male) |
| 3:00 | Queue | Villager (Male) |
| 3:37 | Queue | Villager (Male) |
| 4:00 | Build | House |
| 4:13 | Queue | Villager (Male) |
| 4:29 | Queue | Villager (Male) |
| 4:46 | Queue | Villager (Male) |
| 4:46 | Queue | Villager (Male) |
| 5:08 | Queue | Villager (Male) |
| 5:13 | Build | Mining Camp |
| 5:31 | Queue | Villager (Male) |
| 5:43 | Build | Mill |
| 5:57 | Queue | Villager (Male) |
| 6:03 | Build | House |
| 6:04 | Build | House |
| 6:31 | Queue | Villager (Male) |
| 6:59 | Queue | Villager (Male) |
| 6:59 | Queue | Villager (Male) |
| 7:06 | Build | Mining Camp |
| 7:44 | Queue | Villager (Male) |
| 8:00 | Queue | Villager (Male) |
| 8:02 | Build | Farm |
| 8:12 | Queue | Villager (Male) |
| 8:28 | Queue | Villager (Male) |
| 9:40 | Research | Feudal Age |
| 10:23 | Queue | Villager (Male) |
| 10:23 | Research | Loom |
| 10:33 | Build | Barracks |
| 10:40 | Build | House |
| 11:18 | Build | House |
| 11:50 | Age | Feudal Age |
| 11:53 | Build | Blacksmith |
| 11:59 | Build | Stable |
| 12:38 | Queue | Villager (Male) |
| 13:24 | Research | Castle Age |
| 13:24 | Research | Castle Age |
| 14:14 | Research | Horse Collar |
| 15:12 | Build | Mining Camp |
| 15:16 | Build | Farm |
| 15:19 | Build | Farm |
| 15:21 | Build | Farm |
| 15:24 | Build | Farm |
| 15:25 | Build | Farm |
| 15:27 | Queue | Villager (Male) |
| 16:01 | Build | Farm |
| 16:03 | Build | Farm |
| 16:04 | Age | Castle Age |
| 16:06 | Build | Farm |
| 16:17 | Build | Castle |
| 16:22 | Build | Castle |
| 16:28 | Build | Mining Camp |
| 16:29 | Queue | Villager (Male) |
| 16:36 | Build | House |
| 16:37 | Build | Farm |
| 16:41 | Build | Farm |
| 16:43 | Queue | Villager (Male) |
| 16:58 | Queue | Villager (Male) |
| 17:09 | Build | Farm |
| 17:28 | Research | Double-Bit Axe |
| 17:29 | Research | Double-Bit Axe |
| 17:32 | Build | Farm |
| 17:40 | Build | Farm |
| 17:42 | Build | House |
| 17:44 | Queue | Villager (Male) |
| 17:44 | Queue | Villager (Male) |
| 17:46 | Build | Farm |
| 18:05 | Queue | Villager (Male) |
| 18:17 | Queue | Conquistador |
| 18:31 | Build | Farm |
| 18:37 | Queue | Villager (Male) |
| 19:00 | Queue | Villager (Male) |
| 19:02 | Queue | Conquistador |
| 19:10 | Build | Farm |
| 19:18 | Queue | Villager (Male) |
| 19:26 | Build | Lumber Camp |
| 19:47 | Build | Castle |
| 20:03 | Queue | Villager (Male) |
| 20:05 | Queue | Conquistador |
| 20:07 | Research | Padded Archer Armor |
| 20:16 | Build | Farm |
| 20:18 | Queue | Villager (Male) |
| 20:25 | Queue | Conquistador |
| 20:38 | Queue | Villager (Male) |
| 20:39 | Build | Farm |
| 20:40 | Build | House |
| 21:00 | Build | Mining Camp |
| 21:05 | Queue | Villager (Male) |
| 21:16 | Queue | Conquistador |
| 21:18 | Queue | Villager (Male) |
| 21:30 | Queue | Conquistador |
| 21:35 | Build | Farm |
| 21:38 | Build | Lumber Camp |
| 21:43 | Queue | Conquistador |
| 21:51 | Queue | Conquistador |
| 22:03 | Queue | Villager (Male) |
| 22:16 | Build | Farm |
| 22:20 | Build | Farm |
| 22:23 | Research | Gold Mining |
| 22:35 | Queue | Conquistador |
| 22:41 | Queue | Villager (Male) |
| 23:00 | Queue | Conquistador |
| 23:25 | Queue | Villager (Male) |
| 23:27 | Queue | Conquistador |
| 23:35 | Build | Mill |
| 23:36 | Build | Farm |
| 23:37 | Build | Farm |
| 23:38 | Build | Farm |
| 23:44 | Queue | Conquistador |
| 23:45 | Queue | Villager (Male) |
| 23:58 | Queue | Conquistador |
| 23:59 | Queue | Villager (Male) |
| 24:17 | Queue | Villager (Male) |
| 24:23 | Build | Farm |
| 24:25 | Build | Farm |
| 24:35 | Research | Bloodlines |
| 24:43 | Build | Market |
| 25:00 | Queue | Conquistador |
| 25:00 | Queue | Villager (Male) |
| 25:00 | Queue | Villager (Male) |
| 25:10 | Build | Outpost |
| 25:16 | Queue | Conquistador |
| 25:16 | Queue | Villager (Male) |
| 25:23 | Build | Farm |
| 25:26 | Build | Farm |
| 25:48 | Queue | Villager (Male) |
| 25:49 | Queue | Conquistador |
| 25:49 | Queue | Conquistador |
| 25:57 | Queue | Petard |
| 26:01 | Queue | Villager (Male) |
| 26:12 | Build | Farm |
| 26:16 | Build | Farm |
| 26:17 | Build | House |
| 26:26 | Queue | Villager (Male) |
| 26:32 | Research | Leather Archer Armor |
| 26:34 | Queue | Conquistador |
| 26:35 | Queue | Conquistador |
| 26:35 | Queue | Conquistador |
| 26:39 | Queue | Conquistador |
| 26:47 | Queue | Villager (Male) |
| 27:00 | Queue | Conquistador |
Build order — 母猫大师不爱出冲车
First 150 of 386 actions detected
| 0:00 | Queue | Villager (Male) |
| 0:00 | Queue | Villager (Male) |
| 0:01 | Queue | Villager (Male) |
| 0:02 | Build | House |
| 0:03 | Build | House |
| 0:06 | Queue | Villager (Male) |
| 1:25 | Queue | Villager (Male) |
| 1:39 | Queue | Villager (Male) |
| 2:06 | Build | Lumber Camp |
| 2:36 | Queue | Villager (Male) |
| 2:36 | Queue | Villager (Male) |
| 2:49 | Queue | Villager (Male) |
| 3:27 | Queue | Villager (Male) |
| 3:41 | Queue | Villager (Male) |
| 3:55 | Build | House |
| 4:19 | Build | Mill |
| 4:36 | Queue | Villager (Male) |
| 4:36 | Queue | Villager (Male) |
| 4:38 | Build | House |
| 4:40 | Build | House |
| 5:26 | Queue | Villager (Male) |
| 5:26 | Queue | Villager (Male) |
| 6:02 | Queue | Villager (Male) |
| 6:04 | Queue | Villager (Male) |
| 6:08 | Queue | Villager (Male) |
| 6:10 | Queue | Villager (Male) |
| 7:57 | Research | Feudal Age |
| 8:17 | Queue | Villager (Male) |
| 8:17 | Queue | Villager (Male) |
| 10:11 | Age | Feudal Age |
| 10:13 | Build | Market |
| 10:15 | Build | Blacksmith |
| 10:15 | Research | Double-Bit Axe |
| 11:03 | Research | Castle Age |
| 11:08 | Build | Farm |
| 11:20 | Build | Farm |
| 11:36 | Build | Farm |
| 11:41 | Build | Farm |
| 12:00 | Build | Farm |
| 12:04 | Build | Farm |
| 12:05 | Research | Horse Collar |
| 12:51 | Queue | Villager (Male) |
| 13:43 | Age | Castle Age |
| 13:51 | Build | Town Center |
| 13:53 | Build | Town Center |
| 13:56 | Research | Bow Saw |
| 14:02 | Queue | Villager (Male) |
| 14:22 | Queue | Villager (Male) |
| 14:34 | Build | Farm |
| 14:37 | Build | Farm |
| 14:49 | Queue | Villager (Male) |
| 15:00 | Build | Farm |
| 15:10 | Queue | Villager (Male) |
| 15:12 | Queue | Villager (Male) |
| 15:15 | Queue | Villager (Male) ×2 |
| 15:24 | Build | Farm |
| 15:26 | Queue | Villager (Male) |
| 15:35 | Queue | Villager (Male) |
| 15:38 | Build | Farm |
| 15:44 | Build | Farm |
| 15:56 | Build | Farm |
| 15:58 | Queue | Villager (Male) |
| 16:00 | Queue | Villager (Male) |
| 16:20 | Queue | Villager (Male) |
| 16:26 | Build | House |
| 16:29 | Build | Farm |
| 16:30 | Build | Farm |
| 16:30 | Build | Farm |
| 16:30 | Build | Farm |
| 16:32 | Queue | Villager (Male) |
| 16:36 | Build | Farm |
| 16:46 | Build | House |
| 16:47 | Queue | Villager (Male) |
| 16:52 | Build | Farm |
| 16:56 | Queue | Villager (Male) |
| 17:03 | Build | Farm |
| 17:12 | Queue | Villager (Male) |
| 17:23 | Queue | Villager (Male) |
| 17:29 | Queue | Villager (Male) |
| 17:46 | Build | Town Center |
| 17:47 | Queue | Villager (Male) |
| 17:51 | Queue | Villager (Male) |
| 17:53 | Build | Farm |
| 17:54 | Build | House |
| 17:55 | Queue | Villager (Male) |
| 17:59 | Build | Farm |
| 18:01 | Build | House |
| 18:14 | Queue | Villager (Male) |
| 18:22 | Build | House |
| 18:22 | Queue | Villager (Male) |
| 18:28 | Build | Farm |
| 18:31 | Build | Farm |
| 18:31 | Queue | Villager (Male) |
| 18:39 | Build | Farm |
| 18:45 | Queue | Villager (Male) |
| 18:55 | Build | House |
| 18:57 | Build | House |
| 18:58 | Queue | Villager (Male) |
| 19:01 | Queue | Villager (Male) |
| 19:08 | Queue | Villager (Male) |
| 19:11 | Build | House |
| 19:13 | Build | House |
| 19:16 | Queue | Villager (Male) |
| 19:22 | Build | Stone Wall |
| 19:25 | Queue | Villager (Male) |
| 19:29 | Build | Farm |
| 19:30 | Queue | Villager (Male) |
| 19:30 | Queue | Villager (Male) |
| 19:32 | Build | Farm |
| 19:34 | Build | Farm |
| 19:36 | Build | Farm |
| 19:37 | Queue | Villager (Male) |
| 19:38 | Build | Farm |
| 19:56 | Build | Farm |
| 19:56 | Build | Farm |
| 19:56 | Build | Farm |
| 19:56 | Build | Farm |
| 19:57 | Build | Farm |
| 20:03 | Build | Farm |
| 20:03 | Build | Farm |
| 20:03 | Build | Farm |
| 20:04 | Build | Farm |
| 20:08 | Research | Wheelbarrow |
| 20:13 | Queue | Villager (Male) |
| 20:19 | Queue | Villager (Male) |
| 20:21 | Queue | Villager (Male) |
| 20:26 | Build | Stone Wall |
| 20:40 | Build | Town Center |
| 20:43 | Queue | Villager (Male) |
| 20:43 | Queue | Villager (Male) |
| 20:44 | Queue | Villager (Male) |
| 20:57 | Queue | Villager (Male) |
| 21:03 | Queue | Villager (Male) |
| 21:14 | Build | Lumber Camp |
| 21:16 | Queue | Villager (Male) |
| 21:18 | Queue | Villager (Male) |
| 21:18 | Queue | Villager (Male) |
| 21:25 | Build | Mining Camp |
| 21:27 | Queue | Villager (Male) |
| 21:33 | Queue | Villager (Male) |
| 21:40 | Build | Farm |
| 21:45 | Queue | Villager (Male) |
| 21:48 | Build | Farm |
| 21:49 | Queue | Villager (Male) |
| 21:55 | Queue | Villager (Male) |
| 22:01 | Queue | Villager (Male) |
| 22:06 | Build | Farm |
| 22:06 | Build | Farm |
| 22:07 | Build | Farm |
| 22:07 | Build | Farm |
Build order — bbcc
First 150 of 624 actions detected
| 0:01 | Queue | Villager (Male) ×4 |
| 0:01 | Queue | Villager (Male) ×4 |
| 0:02 | Build | House |
| 0:04 | Build | House |
| 1:07 | Queue | Villager (Male) |
| 1:07 | Queue | Villager (Male) |
| 1:56 | Queue | Villager (Male) |
| 2:10 | Queue | Villager (Male) |
| 2:30 | Queue | Villager (Male) |
| 2:42 | Queue | Villager (Male) |
| 2:55 | Queue | Villager (Male) |
| 3:45 | Queue | Villager (Male) |
| 3:47 | Queue | Villager (Male) |
| 3:48 | Queue | Villager (Male) |
| 3:52 | Build | House |
| 3:55 | Build | Lumber Camp |
| 4:17 | Build | House |
| 4:18 | Build | House |
| 4:21 | Queue | Villager (Male) |
| 4:21 | Queue | Villager (Male) |
| 4:21 | Queue | Villager (Male) |
| 5:04 | Build | House |
| 5:22 | Queue | Villager (Male) |
| 5:43 | Queue | Villager (Male) |
| 5:54 | Build | Mill |
| 6:12 | Queue | Villager (Male) |
| 6:52 | Queue | Villager (Male) |
| 6:54 | Queue | Villager (Male) |
| 7:06 | Build | Farm |
| 7:33 | Build | Farm |
| 7:40 | Queue | Villager (Male) |
| 7:40 | Queue | Villager (Male) |
| 7:58 | Build | Farm |
| 8:25 | Build | Mining Camp |
| 8:37 | Research | Feudal Age |
| 9:30 | Queue | Villager (Male) |
| 9:31 | Queue | Villager (Male) |
| 10:54 | Build | Farm |
| 10:56 | Age | Feudal Age |
| 10:58 | Build | Market |
| 11:00 | Build | Blacksmith |
| 11:46 | Research | Castle Age |
| 11:53 | Build | House |
| 11:53 | Build | House |
| 11:54 | Build | House |
| 12:03 | Build | Farm |
| 12:05 | Research | Double-Bit Axe |
| 12:33 | Research | Horse Collar |
| 12:33 | Research | Horse Collar |
| 13:12 | Queue | Villager (Male) |
| 13:12 | Queue | Villager (Male) |
| 14:26 | Age | Castle Age |
| 14:27 | Build | Town Center |
| 14:29 | Build | Town Center |
| 14:32 | Research | Bow Saw |
| 14:35 | Build | Farm |
| 14:35 | Build | Farm |
| 14:52 | Queue | Villager (Male) |
| 15:18 | Build | Farm |
| 15:18 | Queue | Villager (Male) |
| 15:35 | Queue | Villager (Male) |
| 15:36 | Queue | Villager (Male) |
| 15:41 | Build | Farm |
| 15:43 | Queue | Villager (Male) |
| 15:44 | Queue | Villager (Male) |
| 15:52 | Build | Farm |
| 15:54 | Queue | Villager (Male) |
| 16:02 | Queue | Villager (Male) |
| 16:07 | Build | Farm |
| 16:15 | Queue | Villager (Male) |
| 16:23 | Queue | Villager (Male) |
| 16:26 | Build | House |
| 16:27 | Build | House |
| 16:28 | Queue | Villager (Male) |
| 16:36 | Queue | Villager (Male) |
| 16:38 | Build | Farm |
| 16:40 | Build | Farm |
| 16:47 | Queue | Villager (Male) |
| 16:59 | Queue | Villager (Male) |
| 17:08 | Queue | Villager (Male) |
| 17:10 | Build | Siege Workshop |
| 17:17 | Build | Farm |
| 17:17 | Build | Farm |
| 17:25 | Queue | Villager (Male) |
| 17:32 | Queue | Villager (Male) |
| 17:36 | Build | Farm |
| 17:36 | Build | Farm |
| 17:41 | Queue | Villager (Male) |
| 17:47 | Build | House |
| 17:47 | Build | House |
| 17:50 | Queue | Villager (Male) |
| 17:58 | Build | Farm |
| 17:59 | Build | Farm |
| 17:59 | Queue | Villager (Male) |
| 18:03 | Build | Farm |
| 18:14 | Queue | Villager (Male) |
| 18:25 | Queue | Villager (Male) |
| 18:27 | Build | Farm |
| 18:29 | Queue | Mangonel |
| 18:33 | Build | Farm |
| 18:37 | Queue | Villager (Male) |
| 18:39 | Build | House |
| 18:42 | Build | House |
| 18:45 | Queue | Villager (Male) |
| 18:49 | Build | House |
| 18:51 | Queue | Villager (Male) |
| 18:51 | Queue | Villager (Male) |
| 18:58 | Build | House |
| 18:59 | Queue | Villager (Male) |
| 19:03 | Research | Loom |
| 19:06 | Build | Monastery |
| 19:12 | Queue | Villager (Male) |
| 19:13 | Build | House |
| 19:16 | Queue | Villager (Male) |
| 19:17 | Build | House |
| 19:23 | Build | Farm |
| 19:23 | Build | Farm |
| 19:24 | Queue | Villager (Male) |
| 19:28 | Build | House |
| 19:32 | Queue | Villager (Male) |
| 19:34 | Build | House |
| 19:35 | Build | House |
| 19:41 | Queue | Villager (Male) |
| 19:46 | Build | Mining Camp |
| 19:50 | Build | House |
| 19:51 | Queue | Villager (Male) |
| 20:05 | Build | House |
| 20:06 | Queue | Villager (Male) |
| 20:07 | Queue | Villager (Male) |
| 20:09 | Queue | Monk |
| 20:14 | Queue | Villager (Male) |
| 20:18 | Build | Mining Camp |
| 20:25 | Queue | Villager (Male) |
| 20:27 | Build | Siege Workshop |
| 20:28 | Queue | Villager (Male) |
| 20:35 | Queue | Villager (Male) |
| 20:38 | Build | Farm |
| 20:38 | Build | Farm |
| 20:43 | Queue | Villager (Male) |
| 20:53 | Build | House |
| 20:55 | Queue | Villager (Male) |
| 21:01 | Queue | Villager (Male) |
| 21:03 | Build | University |
| 21:04 | Queue | Villager (Male) |
| 21:10 | Build | Lumber Camp |
| 21:33 | Research | Wheelbarrow |
| 21:33 | Research | Wheelbarrow |
| 21:33 | Research | Wheelbarrow |
| 21:33 | Research | Wheelbarrow |
| 21:33 | Research | Wheelbarrow |
Build order — CNZS_KK
First 150 of 287 actions detected
| 0:02 | Queue | Villager (Male) |
| 0:02 | Queue | Villager (Male) |
| 0:02 | Queue | Villager (Male) |
| 0:03 | Build | House |
| 0:05 | Build | House |
| 0:18 | Queue | Villager (Male) |
| 1:25 | Queue | Villager (Male) |
| 1:25 | Queue | Villager (Male) |
| 1:38 | Build | Lumber Camp |
| 2:08 | Queue | Villager (Male) |
| 2:24 | Queue | Villager (Male) |
| 2:24 | Queue | Villager (Male) |
| 2:50 | Queue | Villager (Male) |
| 3:15 | Queue | Villager (Male) |
| 3:15 | Queue | Villager (Male) |
| 3:33 | Build | House |
| 3:34 | Build | House |
| 3:35 | Build | House |
| 3:40 | Queue | Villager (Male) |
| 3:47 | Queue | Villager (Male) |
| 4:26 | Queue | Villager (Male) |
| 4:27 | Queue | Villager (Male) |
| 4:51 | Queue | Villager (Male) |
| 4:52 | Build | House |
| 5:21 | Queue | Villager (Male) |
| 5:26 | Build | Mill |
| 6:01 | Build | Farm |
| 6:12 | Queue | Villager (Male) |
| 6:12 | Queue | Villager (Male) |
| 6:14 | Queue | Villager (Male) |
| 6:37 | Queue | Villager (Male) |
| 7:18 | Queue | Villager (Male) |
| 8:01 | Build | Farm |
| 8:02 | Queue | Villager (Male) |
| 8:06 | Queue | Villager (Male) |
| 8:36 | Queue | Villager (Male) |
| 8:41 | Build | Farm |
| 9:00 | Build | Farm |
| 9:10 | Queue | Villager (Male) |
| 9:10 | Queue | Villager (Male) |
| 9:18 | Build | Mining Camp |
| 9:33 | Research | Feudal Age |
| 9:35 | Build | Mining Camp |
| 9:49 | Build | Farm |
| 9:54 | Build | Farm |
| 10:09 | Build | Farm |
| 10:58 | Queue | Villager (Male) |
| 10:59 | Queue | Villager (Male) |
| 12:39 | Age | Feudal Age |
| 12:41 | Build | Market |
| 12:43 | Build | Blacksmith |
| 12:46 | Research | Double-Bit Axe |
| 13:28 | Research | Castle Age |
| 13:28 | Research | Castle Age |
| 13:41 | Build | Farm |
| 14:59 | Queue | Villager (Male) |
| 14:59 | Queue | Villager (Male) |
| 16:09 | Age | Castle Age |
| 16:12 | Build | Monastery |
| 16:15 | Build | University |
| 17:03 | Build | Mining Camp |
| 17:27 | Research | Imperial Age |
| 17:27 | Research | Imperial Age |
| 17:35 | Build | Monastery |
| 18:13 | Research | Gold Mining |
| 18:13 | Research | Gold Mining |
| 18:16 | Research | Sanctity |
| 18:25 | Build | House |
| 18:41 | Build | Castle |
| 19:00 | Queue | Monk |
| 19:00 | Queue | Monk |
| 19:19 | Build | Farm |
| 19:31 | Queue | Monk |
| 19:53 | Build | Farm |
| 20:17 | Queue | Villager (Male) |
| 20:25 | Build | Monastery |
| 20:37 | Age | Imperial Age |
| 20:38 | Queue | Trebuchet (Packed) |
| 20:43 | Research | Block Printing |
| 20:47 | Queue | Villager (Male) |
| 20:55 | Build | Mill |
| 20:58 | Research | Loom |
| 20:59 | Queue | Villager (Male) |
| 21:16 | Research | Fervor |
| 21:17 | Research | Fervor |
| 21:17 | Research | Fervor |
| 21:32 | Queue | Villager (Male) |
| 21:42 | Build | Farm |
| 22:08 | Queue | Trebuchet (Packed) |
| 22:10 | Queue | Villager (Male) |
| 22:23 | Queue | Villager (Male) |
| 22:32 | Queue | Villager (Male) |
| 23:02 | Queue | Monk |
| 23:16 | Queue | Monk |
| 23:17 | Queue | Monk |
| 23:17 | Queue | Monk |
| 23:23 | Queue | Villager (Male) |
| 23:55 | Queue | Villager (Male) |
| 24:00 | Queue | Trebuchet (Packed) |
| 24:42 | Queue | Villager (Male) |
| 24:44 | Queue | Monk |
| 24:45 | Queue | Monk |
| 25:09 | Build | Farm |
| 25:12 | Queue | Trebuchet (Packed) |
| 25:12 | Queue | Trebuchet (Packed) |
| 25:44 | Build | Mining Camp |
| 25:47 | Queue | Villager (Male) |
| 25:48 | Queue | Villager (Male) |
| 25:51 | Queue | Monk |
| 25:53 | Queue | Monk |
| 25:54 | Queue | Monk |
| 25:59 | Queue | Villager (Male) |
| 26:27 | Queue | Monk |
| 26:36 | Build | House |
| 26:36 | Build | House |
| 26:40 | Build | House |
| 26:42 | Build | Farm |
| 26:44 | Build | House |
| 26:44 | Build | House |
| 27:03 | Research | Redemption |
| 27:26 | Queue | Villager (Male) |
| 27:31 | Queue | Villager (Male) |
| 27:39 | Queue | Monk |
| 27:39 | Queue | Monk |
| 27:40 | Queue | Villager (Male) |
| 27:44 | Build | House |
| 27:54 | Build | House |
| 27:55 | Build | House |
| 27:55 | Build | House |
| 27:55 | Build | House |
| 27:55 | Build | House |
| 27:56 | Build | House |
| 27:56 | Build | House |
| 28:07 | Queue | Villager (Male) |
| 28:09 | Queue | Monk |
| 28:18 | Build | Monastery |
| 28:44 | Queue | Monk |
| 29:01 | Build | Monastery |
| 29:16 | Queue | Villager (Male) |
| 29:18 | Build | Monastery |
| 29:25 | Build | Monastery |
| 29:35 | Queue | Villager (Male) |
| 29:36 | Queue | Monk |
| 29:36 | Queue | Monk |
| 29:45 | Research | Redemption |
| 29:59 | Queue | Monk |
| 29:59 | Queue | Monk |
| 30:35 | Queue | Monk |
| 30:40 | Build | Lumber Camp |
| 31:14 | Build | Gate |
Build order — zz0822
First 150 of 205 actions detected
| 0:02 | Queue | Villager (Male) |
| 0:02 | Queue | Villager (Male) |
| 0:03 | Build | House |
| 0:05 | Build | House |
| 0:09 | Queue | Villager (Male) |
| 0:09 | Queue | Villager (Male) |
| 0:10 | Queue | Villager (Male) |
| 1:36 | Queue | Villager (Male) |
| 1:36 | Queue | Villager (Male) |
| 1:52 | Build | Lumber Camp |
| 2:01 | Queue | Villager (Male) |
| 2:02 | Queue | Villager (Male) |
| 2:21 | Queue | Villager (Male) |
| 2:22 | Queue | Villager (Male) |
| 3:00 | Queue | Villager (Male) |
| 3:00 | Queue | Villager (Male) |
| 3:31 | Build | Mill |
| 3:52 | Queue | Villager (Male) |
| 3:52 | Queue | Villager (Male) |
| 4:02 | Build | House |
| 4:11 | Build | House |
| 4:13 | Queue | Villager (Male) |
| 4:14 | Queue | Villager (Male) |
| 4:26 | Build | House |
| 4:46 | Queue | Villager (Male) |
| 5:05 | Queue | Villager (Male) |
| 5:24 | Queue | Villager (Male) |
| 5:54 | Queue | Villager (Male) |
| 6:19 | Build | Farm |
| 6:26 | Queue | Villager (Male) |
| 6:55 | Build | Farm |
| 7:10 | Queue | Villager (Male) |
| 7:36 | Queue | Villager (Male) |
| 7:59 | Queue | Villager (Male) |
| 8:23 | Build | Farm |
| 8:31 | Queue | Villager (Male) |
| 8:34 | Build | Mining Camp |
| 8:53 | Queue | Villager (Male) |
| 9:07 | Queue | Villager (Male) |
| 9:08 | Queue | Villager (Male) |
| 10:02 | Build | Mining Camp |
| 10:06 | Research | Feudal Age |
| 11:12 | Build | House |
| 12:08 | Queue | Villager (Male) |
| 12:08 | Queue | Villager (Male) |
| 12:21 | Age | Feudal Age |
| 12:23 | Build | Market |
| 12:25 | Build | Blacksmith |
| 12:36 | Research | Gold Mining |
| 13:10 | Research | Castle Age |
| 13:10 | Research | Castle Age |
| 13:11 | Research | Castle Age |
| 13:31 | Research | Double-Bit Axe |
| 14:03 | Build | Farm |
| 14:04 | Research | Horse Collar |
| 15:02 | Build | Farm |
| 15:02 | Build | Farm |
| 15:08 | Build | Farm |
| 15:32 | Queue | Villager (Male) |
| 15:33 | Queue | Villager (Male) |
| 15:51 | Age | Castle Age |
| 15:56 | Build | Castle |
| 16:11 | Queue | Villager (Male) |
| 16:15 | Build | Farm |
| 16:57 | Build | Farm |
| 17:07 | Queue | Villager (Male) |
| 17:29 | Build | Mining Camp |
| 17:39 | Queue | Villager (Male) |
| 18:09 | Queue | Villager (Male) |
| 18:36 | Queue | Villager (Male) |
| 19:11 | Research | Imperial Age |
| 19:11 | Research | Imperial Age |
| 19:11 | Research | Imperial Age |
| 19:25 | Queue | Genoese Crossbowman |
| 19:51 | Queue | Genoese Crossbowman |
| 20:34 | Build | Lumber Camp |
| 20:49 | Build | Barracks |
| 21:20 | Build | Siege Workshop |
| 21:30 | Queue | Villager (Male) |
| 21:30 | Queue | Villager (Male) |
| 22:12 | Build | University |
| 22:18 | Queue | Villager (Male) |
| 22:20 | Age | Imperial Age |
| 22:36 | Queue | Genoese Crossbowman |
| 22:47 | Research | Chemistry |
| 23:17 | Queue | Villager (Male) |
| 23:17 | Queue | Villager (Male) |
| 23:26 | Queue | Trebuchet (Packed) |
| 23:34 | Build | House |
| 23:35 | Build | House |
| 23:51 | Queue | Villager (Male) |
| 24:13 | Build | Gate |
| 24:15 | Build | Stone Wall |
| 24:17 | Queue | Villager (Male) |
| 24:28 | Queue | Bombard Cannon |
| 24:37 | Queue | Villager (Male) |
| 24:37 | Queue | Villager (Male) |
| 24:44 | Build | House |
| 24:47 | Build | House |
| 24:48 | Build | House |
| 24:50 | Build | Stone Wall |
| 24:58 | Queue | Genoese Crossbowman |
| 24:59 | Queue | Genoese Crossbowman |
| 25:03 | Research | Fletching |
| 25:19 | Build | Gate |
| 25:20 | Build | House |
| 25:48 | Queue | Bombard Cannon |
| 26:01 | Queue | Villager (Male) |
| 26:01 | Queue | Villager (Male) |
| 26:03 | Queue | Genoese Crossbowman |
| 26:05 | Research | Bodkin Arrow |
| 26:33 | Queue | Genoese Crossbowman |
| 26:45 | Queue | Genoese Crossbowman |
| 26:45 | Queue | Genoese Crossbowman |
| 26:53 | Queue | Villager (Male) |
| 26:54 | Queue | Villager (Male) |
| 26:57 | Build | Lumber Camp |
| 27:08 | Build | House |
| 27:16 | Build | Barracks |
| 27:22 | Queue | Genoese Crossbowman |
| 27:27 | Queue | Villager (Male) |
| 27:27 | Queue | Villager (Male) |
| 27:53 | Queue | Villager (Male) |
| 27:54 | Queue | Villager (Male) |
| 28:08 | Queue | Genoese Crossbowman |
| 28:08 | Queue | Genoese Crossbowman |
| 28:09 | Queue | Genoese Crossbowman |
| 28:54 | Research | Bracer |
| 29:00 | Research | Ballistics |
| 29:24 | Queue | Genoese Crossbowman |
| 29:24 | Queue | Genoese Crossbowman |
| 29:25 | Queue | Genoese Crossbowman |
| 29:33 | Queue | Villager (Male) |
| 29:33 | Queue | Villager (Male) |
| 29:34 | Research | Loom |
| 29:49 | Queue | Genoese Crossbowman |
| 30:25 | Queue | Genoese Crossbowman |
| 30:25 | Queue | Genoese Crossbowman |
| 30:28 | Research | Conscription |
| 30:57 | Queue | Genoese Crossbowman |
| 31:05 | Queue | Genoese Crossbowman |
| 31:05 | Queue | Genoese Crossbowman |
| 31:08 | Build | Town Center |
| 31:11 | Queue | Villager (Male) |
| 31:12 | Queue | Villager (Male) |
| 31:17 | Build | Mining Camp |
| 31:25 | Queue | Genoese Crossbowman |
| 31:30 | Queue | Genoese Crossbowman |
| 31:31 | Queue | Genoese Crossbowman |
| 31:43 | Research | Stone Mining |
Build order — 萊姆王帥帥毛
First 150 of 331 actions detected
| 0:00 | Queue | Villager (Male) |
| 0:01 | Queue | Villager (Male) |
| 0:16 | Build | House |
| 0:21 | Research | Loom |
| 0:29 | Queue | Villager (Male) |
| 0:29 | Queue | Villager (Male) |
| 0:35 | Queue | Villager (Male) |
| 0:47 | Build | House |
| 0:47 | Build | House |
| 1:49 | Queue | Villager (Male) |
| 2:30 | Queue | Villager (Male) |
| 3:02 | Queue | Villager (Male) |
| 3:26 | Queue | Villager (Male) |
| 3:53 | Queue | Villager (Male) |
| 3:54 | Queue | Villager (Male) |
| 4:16 | Build | House |
| 4:18 | Build | House |
| 4:37 | Build | Lumber Camp |
| 4:59 | Queue | Villager (Male) ×3 |
| 5:05 | Build | House |
| 5:41 | Queue | Villager (Male) |
| 6:30 | Build | Mill |
| 6:38 | Queue | Villager (Male) ×4 |
| 7:48 | Queue | Villager (Male) |
| 8:26 | Queue | Villager (Male) |
| 8:50 | Queue | Villager (Male) |
| 9:30 | Research | Feudal Age |
| 9:42 | Build | Barracks |
| 10:24 | Queue | Villager (Male) |
| 11:04 | Build | House |
| 11:14 | Queue | Villager (Male) |
| 11:21 | Build | House |
| 11:44 | Age | Feudal Age |
| 11:44 | Research | Double-Bit Axe |
| 11:45 | Research | Double-Bit Axe |
| 11:52 | Build | Stable |
| 12:01 | Research | Horse Collar |
| 12:07 | Build | Farm |
| 12:08 | Build | Farm |
| 12:08 | Build | Farm |
| 12:13 | Queue | Villager (Male) |
| 12:18 | Build | Blacksmith |
| 12:35 | Queue | Villager (Male) |
| 12:48 | Build | Mining Camp |
| 12:55 | Queue | Scout Cavalry |
| 12:55 | Queue | Scout Cavalry |
| 13:09 | Build | Farm |
| 13:11 | Build | Farm |
| 13:17 | Queue | Villager (Male) |
| 13:22 | Build | Farm |
| 13:24 | Build | Farm |
| 13:29 | Queue | Villager (Male) |
| 13:33 | Research | Scale Barding Armor |
| 13:41 | Build | Mill |
| 13:49 | Build | Farm |
| 13:50 | Build | Farm |
| 14:06 | Build | Farm |
| 14:14 | Build | Farm |
| 14:32 | Build | Farm |
| 15:02 | Queue | Villager (Male) |
| 15:06 | Build | Farm |
| 15:07 | Build | Farm |
| 15:12 | Queue | Villager (Male) |
| 15:38 | Queue | Villager (Male) |
| 15:42 | Build | Farm |
| 15:46 | Research | Bloodlines |
| 15:56 | Build | Farm |
| 15:57 | Build | Farm |
| 15:59 | Queue | Villager (Male) |
| 16:22 | Queue | Scout Cavalry ×5 |
| 16:36 | Build | Mill |
| 16:51 | Queue | Villager (Male) |
| 16:55 | Build | Farm |
| 16:56 | Build | Farm |
| 16:57 | Build | Farm |
| 16:58 | Build | Farm |
| 16:59 | Build | Farm |
| 17:01 | Queue | Villager (Male) |
| 17:29 | Queue | Villager (Male) |
| 17:35 | Build | Farm |
| 17:36 | Build | Farm |
| 17:37 | Build | Farm |
| 17:40 | Queue | Villager (Male) |
| 17:45 | Research | Forging |
| 18:19 | Research | Castle Age |
| 18:26 | Build | Stable |
| 18:28 | Queue | Scout Cavalry |
| 18:28 | Queue | Scout Cavalry |
| 18:40 | Build | House |
| 18:43 | Build | House |
| 19:15 | Research | Gold Mining |
| 19:29 | Queue | Villager (Male) |
| 19:29 | Queue | Villager (Male) |
| 19:48 | Queue | Scout Cavalry ×5 |
| 20:32 | Queue | Villager (Male) |
| 20:51 | Queue | Villager (Male) |
| 20:51 | Queue | Villager (Male) |
| 21:11 | Age | Castle Age |
| 21:11 | Research | Light Cavalry (upgrade) |
| 21:13 | Research | Chain Barding Armor |
| 21:22 | Build | Town Center |
| 21:32 | Research | Bow Saw |
| 21:32 | Research | Bow Saw |
| 21:33 | Queue | Villager (Male) |
| 21:44 | Research | Husbandry |
| 21:45 | Queue | Scout Cavalry |
| 23:22 | Queue | Villager (Male) |
| 23:23 | Queue | Villager (Male) |
| 23:23 | Queue | Villager (Male) |
| 23:23 | Queue | Villager (Male) |
| 23:23 | Queue | Villager (Male) |
| 23:23 | Queue | Villager (Male) |
| 23:27 | Queue | Villager (Male) |
| 23:27 | Queue | Villager (Male) |
| 23:27 | Queue | Villager (Male) |
| 23:31 | Research | Iron Casting |
| 23:33 | Queue | Scout Cavalry |
| 23:33 | Queue | Scout Cavalry |
| 24:45 | Queue | Scout Cavalry ×5 |
| 24:45 | Queue | Scout Cavalry ×5 |
| 24:53 | Queue | Villager (Male) |
| 24:54 | Queue | Villager (Male) |
| 24:54 | Queue | Villager (Male) |
| 24:59 | Build | Farm |
| 25:00 | Build | Farm |
| 25:01 | Build | Farm |
| 25:02 | Build | Farm |
| 25:03 | Build | Farm |
| 25:03 | Build | Farm |
| 25:04 | Build | Farm |
| 25:05 | Build | Farm |
| 25:10 | Build | Mill |
| 25:11 | Queue | Villager (Male) |
| 25:13 | Queue | Villager (Male) |
| 25:13 | Queue | Villager (Male) |
| 25:20 | Research | Stone Mining |
| 25:44 | Build | Stable |
| 25:46 | Queue | Villager (Male) |
| 25:46 | Queue | Villager (Male) |
| 25:52 | Queue | Villager (Male) |
| 25:53 | Queue | Villager (Male) |
| 25:55 | Build | Farm |
| 25:55 | Build | Farm |
| 26:41 | Queue | Villager (Male) |
| 26:42 | Queue | Villager (Male) |
| 26:43 | Build | Farm |
| 26:49 | Queue | Villager (Male) |
| 26:49 | Queue | Villager (Male) |
| 27:50 | Queue | Villager (Male) |
| 27:51 | Queue | Villager (Male) |
Build order — 状态好冲k分
First 150 of 352 actions detected
| 0:01 | Queue | Villager (Male) |
| 0:02 | Queue | Villager (Male) |
| 0:04 | Build | House |
| 0:05 | Build | House |
| 0:06 | Queue | Villager (Male) |
| 0:09 | Queue | Villager (Male) |
| 1:25 | Queue | Villager (Male) |
| 1:25 | Queue | Villager (Male) |
| 2:00 | Queue | Villager (Male) |
| 2:03 | Build | Lumber Camp |
| 2:14 | Queue | Villager (Male) |
| 2:46 | Queue | Villager (Male) |
| 3:02 | Queue | Villager (Male) |
| 3:33 | Queue | Villager (Male) |
| 3:49 | Build | House |
| 4:00 | Build | House |
| 4:01 | Build | House |
| 4:09 | Queue | Villager (Male) |
| 4:13 | Queue | Villager (Male) |
| 4:20 | Build | Mill |
| 4:30 | Build | House |
| 4:34 | Queue | Villager (Male) |
| 5:23 | Queue | Villager (Male) |
| 5:23 | Queue | Villager (Male) |
| 5:42 | Queue | Villager (Male) |
| 6:16 | Queue | Villager (Male) |
| 6:19 | Queue | Villager (Male) |
| 6:42 | Queue | Villager (Male) |
| 6:48 | Queue | Villager (Male) |
| 6:57 | Queue | Villager (Male) |
| 7:21 | Queue | Villager (Male) |
| 7:27 | Queue | Villager (Male) |
| 7:37 | Queue | Villager (Male) |
| 7:50 | Build | Farm |
| 8:37 | Build | Mining Camp |
| 8:42 | Research | Feudal Age |
| 8:53 | Queue | Villager (Male) |
| 8:53 | Queue | Villager (Male) |
| 10:48 | Build | Farm |
| 10:50 | Build | Farm |
| 10:56 | Age | Feudal Age |
| 10:58 | Build | Market |
| 11:01 | Build | Blacksmith |
| 11:10 | Research | Double-Bit Axe |
| 11:45 | Research | Castle Age |
| 12:23 | Research | Horse Collar |
| 12:27 | Build | Farm |
| 12:29 | Build | Farm |
| 12:53 | Build | Farm |
| 12:56 | Build | Farm |
| 13:01 | Research | Gold Mining |
| 13:11 | Build | House |
| 13:29 | Queue | Villager (Male) |
| 13:49 | Build | Farm |
| 14:27 | Age | Castle Age |
| 14:31 | Build | Siege Workshop |
| 14:33 | Research | Bow Saw |
| 14:41 | Build | Town Center |
| 14:47 | Queue | Villager (Male) |
| 14:54 | Queue | Villager (Male) |
| 14:59 | Build | Monastery |
| 15:14 | Queue | Villager (Male) |
| 15:25 | Build | Farm |
| 15:31 | Build | Farm |
| 15:43 | Queue | Monk |
| 15:54 | Build | House |
| 15:55 | Queue | Villager (Male) |
| 16:03 | Queue | Scorpion |
| 16:07 | Queue | Villager (Male) |
| 16:11 | Build | Farm |
| 16:34 | Queue | Villager (Male) |
| 16:38 | Build | House |
| 16:39 | Queue | Villager (Male) |
| 16:40 | Queue | Battering Ram |
| 16:46 | Queue | Monk |
| 16:59 | Build | Town Center |
| 17:07 | Queue | Monk |
| 17:10 | Queue | Villager (Male) |
| 17:12 | Queue | Scorpion |
| 17:14 | Build | House |
| 17:15 | Queue | Villager (Male) |
| 17:25 | Build | Farm |
| 17:27 | Build | Farm |
| 17:37 | Build | Farm |
| 17:47 | Queue | Villager (Male) |
| 17:49 | Build | House |
| 17:50 | Queue | Villager (Male) |
| 18:07 | Queue | Scorpion |
| 18:09 | Queue | Villager (Male) |
| 18:11 | Build | Farm |
| 18:15 | Queue | Villager (Male) |
| 18:21 | Build | House |
| 18:30 | Queue | Villager (Male) |
| 18:33 | Queue | Scorpion |
| 18:44 | Queue | Villager (Male) |
| 18:51 | Queue | Villager (Male) |
| 18:54 | Build | Farm |
| 18:57 | Build | Farm |
| 18:59 | Queue | Villager (Male) |
| 19:05 | Build | Farm |
| 19:07 | Queue | Villager (Male) |
| 19:19 | Queue | Villager (Male) |
| 19:30 | Build | House |
| 19:31 | Research | Loom |
| 19:32 | Queue | Villager (Male) |
| 19:43 | Queue | Villager (Male) |
| 19:46 | Queue | Mangonel |
| 19:50 | Queue | Villager (Male) |
| 19:50 | Queue | Villager (Male) |
| 19:55 | Queue | Villager (Male) |
| 20:04 | Queue | Villager (Male) |
| 20:07 | Build | Farm |
| 20:11 | Build | Farm |
| 20:12 | Queue | Villager (Male) |
| 20:23 | Build | House |
| 20:25 | Build | House |
| 20:26 | Queue | Villager (Male) |
| 20:32 | Queue | Villager (Male) |
| 20:40 | Queue | Villager (Male) |
| 20:50 | Queue | Villager (Male) |
| 20:56 | Queue | Villager (Male) |
| 20:59 | Queue | Scorpion |
| 21:06 | Queue | Villager (Male) |
| 21:11 | Build | Mill |
| 21:12 | Build | Farm |
| 21:13 | Build | Farm |
| 21:13 | Build | Farm |
| 21:13 | Build | Farm |
| 21:16 | Research | Wheelbarrow |
| 21:20 | Build | Farm |
| 21:23 | Build | House |
| 21:35 | Queue | Villager (Male) |
| 21:40 | Build | Farm |
| 21:42 | Build | Farm |
| 21:45 | Build | Farm |
| 21:47 | Build | Farm |
| 21:50 | Build | Farm |
| 21:51 | Queue | Villager (Male) |
| 22:01 | Queue | Villager (Male) |
| 22:04 | Queue | Villager (Male) |
| 22:13 | Queue | Villager (Male) |
| 22:23 | Build | House |
| 22:24 | Build | House |
| 22:25 | Build | House |
| 22:26 | Queue | Villager (Male) |
| 22:42 | Queue | Villager (Male) |
| 22:47 | Build | Farm |
| 22:52 | Research | Hand Cart |
| 22:58 | Build | Farm |
| 23:03 | Build | House |
Build order — 角巻肚肚鳥
First 150 of 393 actions detected
| 0:00 | Queue | Villager (Male) |
| 0:00 | Queue | Villager (Male) |
| 0:02 | Build | House |
| 0:03 | Build | House |
| 0:13 | Queue | Villager (Male) |
| 0:13 | Queue | Villager (Male) |
| 1:10 | Queue | Villager (Male) |
| 1:31 | Queue | Villager (Male) |
| 1:31 | Queue | Villager (Male) |
| 2:06 | Queue | Villager (Male) |
| 2:19 | Build | Lumber Camp |
| 2:27 | Queue | Villager (Male) |
| 2:28 | Queue | Villager (Male) |
| 2:59 | Build | House |
| 3:01 | Build | House |
| 3:12 | Queue | Villager (Male) |
| 3:12 | Queue | Villager (Male) |
| 3:13 | Queue | Villager (Male) |
| 3:22 | Queue | Villager (Male) |
| 4:01 | Queue | Villager (Male) |
| 4:01 | Queue | Villager (Male) |
| 4:29 | Build | House |
| 5:20 | Queue | Villager (Male) |
| 5:20 | Queue | Villager (Male) |
| 5:23 | Queue | Villager (Male) |
| 5:24 | Queue | Villager (Male) |
| 5:24 | Queue | Villager (Male) |
| 5:36 | Queue | Villager (Male) |
| 5:40 | Build | Mill |
| 5:42 | Queue | Villager (Male) |
| 5:51 | Queue | Villager (Male) |
| 5:59 | Queue | Villager (Male) |
| 6:47 | Queue | Villager (Male) |
| 6:53 | Queue | Villager (Male) |
| 6:59 | Build | Mining Camp |
| 7:36 | Build | Farm |
| 7:37 | Build | Farm |
| 7:51 | Queue | Villager (Male) |
| 8:15 | Research | Feudal Age |
| 8:29 | Build | Mining Camp |
| 9:00 | Queue | Villager (Male) |
| 9:01 | Queue | Villager (Male) |
| 10:39 | Queue | Villager (Male) |
| 10:55 | Age | Feudal Age |
| 10:57 | Build | Market |
| 11:00 | Build | Blacksmith |
| 11:08 | Build | House |
| 11:45 | Research | Castle Age |
| 12:01 | Research | Double-Bit Axe |
| 13:02 | Queue | Villager (Male) |
| 13:09 | Research | Horse Collar |
| 13:10 | Research | Horse Collar |
| 13:39 | Build | House |
| 13:58 | Queue | Villager (Male) |
| 14:02 | Build | Farm |
| 14:03 | Build | Farm |
| 14:25 | Build | Farm |
| 14:25 | Age | Castle Age |
| 14:26 | Build | Farm |
| 14:35 | Queue | Villager (Male) |
| 14:50 | Queue | Villager (Male) |
| 14:58 | Research | Bow Saw |
| 15:01 | Queue | Villager (Male) |
| 15:09 | Build | Castle |
| 15:15 | Build | Farm |
| 15:17 | Build | Farm |
| 15:26 | Queue | Villager (Male) |
| 15:29 | Build | Farm |
| 15:54 | Build | Siege Workshop |
| 16:06 | Queue | Villager (Male) |
| 16:15 | Build | Farm |
| 16:16 | Build | Farm |
| 16:16 | Build | Farm |
| 16:16 | Build | Farm |
| 16:25 | Queue | Ghulam |
| 16:27 | Queue | Villager (Male) |
| 16:27 | Queue | Villager (Male) |
| 16:31 | Build | Farm |
| 16:44 | Queue | Ghulam |
| 16:48 | Build | Farm |
| 16:49 | Queue | Villager (Male) |
| 17:19 | Queue | Armored Elephant |
| 17:22 | Build | Farm |
| 17:24 | Build | Farm |
| 17:25 | Queue | Villager (Male) |
| 17:49 | Queue | Villager (Male) |
| 17:58 | Queue | Villager (Male) |
| 17:58 | Queue | Villager (Male) |
| 17:59 | Queue | Villager (Male) |
| 18:10 | Build | Farm |
| 18:11 | Build | Farm |
| 18:12 | Queue | Villager (Male) |
| 18:19 | Queue | Armored Elephant |
| 18:25 | Build | Farm |
| 18:32 | Queue | Villager (Male) |
| 18:35 | Queue | Villager (Male) |
| 18:58 | Queue | Villager (Male) |
| 19:00 | Build | Farm |
| 19:03 | Build | Farm |
| 19:15 | Queue | Villager (Male) |
| 19:17 | Build | Farm |
| 19:19 | Queue | Villager (Male) |
| 19:19 | Queue | Villager (Male) |
| 19:39 | Queue | Villager (Male) |
| 19:41 | Build | Farm |
| 19:42 | Queue | Villager (Male) |
| 19:42 | Queue | Villager (Male) |
| 19:45 | Queue | Armored Elephant |
| 20:31 | Queue | Villager (Male) |
| 20:31 | Queue | Villager (Male) |
| 20:31 | Queue | Villager (Male) |
| 20:33 | Queue | Villager (Male) |
| 21:00 | Queue | Villager (Male) |
| 21:05 | Build | Town Center |
| 21:06 | Queue | Villager (Male) |
| 21:06 | Queue | Villager (Male) |
| 21:12 | Queue | Villager (Male) |
| 21:25 | Queue | Villager (Male) |
| 21:47 | Queue | Villager (Male) |
| 21:56 | Queue | Villager (Male) |
| 21:59 | Research | Wheelbarrow |
| 22:12 | Queue | Villager (Male) |
| 22:16 | Build | Farm |
| 22:16 | Build | Farm |
| 22:16 | Build | Farm |
| 22:17 | Build | Farm |
| 22:17 | Build | Farm |
| 22:19 | Queue | Villager (Male) |
| 22:19 | Queue | Villager (Male) |
| 22:28 | Build | Outpost |
| 22:33 | Research | Town Watch |
| 22:34 | Research | Town Watch |
| 22:42 | Queue | Villager (Male) |
| 22:42 | Queue | Villager (Male) |
| 23:46 | Queue | Villager (Male) |
| 23:58 | Queue | Villager (Male) |
| 23:58 | Queue | Villager (Male) |
| 24:01 | Queue | Villager (Male) |
| 24:05 | Build | Castle |
| 24:09 | Build | Mining Camp |
| 24:14 | Queue | Villager (Male) |
| 24:14 | Queue | Villager (Male) |
| 24:14 | Research | Hand Cart |
| 24:15 | Research | Loom |
| 24:16 | Queue | Villager (Male) |
| 24:17 | Queue | Villager (Male) |
| 24:22 | Queue | Ghulam |
| 24:22 | Queue | Ghulam |
| 24:22 | Queue | Ghulam |
| 24:23 | Queue | Ghulam |
Match timeline
| 9:42 | 萊姆王帥帥毛 · first_building Barracks |
| 10:11 | 母猫大师不爱出冲车 · age_up feudal |
| 10:33 | mkild12592512ihad · first_building Barracks |
| 10:55 | 角巻肚肚鳥 · age_up feudal |
| 10:56 | bbcc · age_up feudal |
| 10:56 | 状态好冲k分 · age_up feudal |
| 11:01 | 母猫大师不爱出冲车 · first_market_sell 100 wood |
| 11:44 | 萊姆王帥帥毛 · age_up feudal |
| 11:50 | mkild12592512ihad · age_up feudal |
| 11:52 | 萊姆王帥帥毛 · first_building Stable |
| 11:59 | mkild12592512ihad · first_building Stable |
| 12:21 | zz0822 · age_up feudal |
| 12:39 | CNZS_KK · age_up feudal |
| 13:43 | 母猫大师不爱出冲车 · age_up castle |
| 14:25 | 角巻肚肚鳥 · age_up castle |
| 14:26 | bbcc · age_up castle |
| 14:27 | 状态好冲k分 · age_up castle |
| 14:31 | 状态好冲k分 · first_building Siege Workshop |
| 14:59 | 状态好冲k分 · first_building Monastery |
| 15:09 | 角巻肚肚鳥 · first_building Castle |
| 15:51 | zz0822 · age_up castle |
| 15:54 | 角巻肚肚鳥 · first_building Siege Workshop |
| 15:56 | zz0822 · first_building Castle |
| 16:01 | bbcc · first_market_buy 100 food |
| 16:04 | mkild12592512ihad · age_up castle |
| 16:09 | CNZS_KK · age_up castle |
| 16:12 | CNZS_KK · first_building Monastery |
| 16:17 | mkild12592512ihad · first_building Castle |
| 16:23 | 角巻肚肚鳥 · first_market_buy 100 food |
| 17:10 | bbcc · first_building Siege Workshop |
| 17:34 | zz0822 · first_market_buy 100 food |
| 18:13 | 母猫大师不爱出冲车 · tribute_sent a jugador 2 |
| 18:13 | 母猫大师不爱出冲车 · tribute_sent a jugador 3 |
| 18:13 | 母猫大师不爱出冲车 · tribute_sent a jugador 4 |
| 18:13 | 母猫大师不爱出冲车 · tribute_sent a jugador 5 |
| 18:13 | 母猫大师不爱出冲车 · tribute_sent a jugador 6 |
| 18:13 | 母猫大师不爱出冲车 · tribute_sent a jugador 7 |
| 18:13 | 母猫大师不爱出冲车 · tribute_sent a jugador 8 |
| 18:25 | zz0822 · first_market_sell 100 wood |
| 18:41 | CNZS_KK · first_building Castle |
| 19:06 | bbcc · first_building Monastery |
| 19:22 | 母猫大师不爱出冲车 · wall_segment Stone Wall x11 |
| 20:26 | 母猫大师不爱出冲车 · wall_segment Stone Wall x3 |
| 20:35 | CNZS_KK · first_market_buy 100 wood |
| 20:37 | CNZS_KK · age_up imperial |
| 20:49 | zz0822 · first_building Barracks |
| 21:11 | 萊姆王帥帥毛 · age_up castle |
| 21:17 | 状态好冲k分 · first_market_buy 100 wood |
| 21:20 | zz0822 · first_building Siege Workshop |
| 22:18 | bbcc · first_building Barracks |
| 22:20 | zz0822 · age_up imperial |
| 23:10 | bbcc · first_market_sell 100 wood |
| 23:41 | bbcc · first_building Castle |
| 24:15 | zz0822 · wall_segment Stone Wall x1 |
| 24:36 | 母猫大师不爱出冲车 · first_building Castle |
| 24:46 | 状态好冲k分 · first_building Barracks |
| 24:50 | zz0822 · wall_segment Stone Wall x1 |
| 25:47 | bbcc · wall_segment Stone Wall x9 |
| 26:11 | 母猫大师不爱出冲车 · first_building Barracks |
| 26:27 | 状态好冲k分 · wall_segment Stone Wall x1 |
| 26:47 | 状态好冲k分 · wall_segment Stone Wall x5 |
| 26:49 | 状态好冲k分 · wall_segment Stone Wall x3 |
| 26:53 | CNZS_KK · first_market_sell 100 wood |
| 27:01 | 母猫大师不爱出冲车 · first_building Stable |
| 27:46 | 母猫大师不爱出冲车 · first_market_buy 100 wood |
| 27:51 | 状态好冲k分 · age_up imperial |
| 28:04 | 萊姆王帥帥毛 · first_building Monastery |
| 28:05 | 状态好冲k分 · first_building Castle |
| 28:52 | 母猫大师不爱出冲车 · age_up imperial |
| 29:06 | 角巻肚肚鳥 · first_building Barracks |
| 29:17 | 状态好冲k分 · first_market_sell 100 wood |
| 29:25 | 母猫大师不爱出冲车 · first_building Siege Workshop |
| 29:46 | bbcc · wall_segment Stone Wall x1 |
| 29:48 | bbcc · wall_segment Stone Wall x1 |
| 31:10 | 母猫大师不爱出冲车 · tribute_sent a jugador 2 |
| 31:10 | 母猫大师不爱出冲车 · tribute_sent a jugador 3 |
| 31:10 | 母猫大师不爱出冲车 · tribute_sent a jugador 4 |
| 31:10 | 母猫大师不爱出冲车 · tribute_sent a jugador 5 |
| 31:11 | 母猫大师不爱出冲车 · tribute_sent a jugador 6 |
| 31:11 | 母猫大师不爱出冲车 · tribute_sent a jugador 7 |
| 31:11 | 母猫大师不爱出冲车 · tribute_sent a jugador 8 |
| 31:11 | 萊姆王帥帥毛 · first_building Castle |
| 32:06 | 母猫大师不爱出冲车 · tribute_sent a jugador 2 |
| 32:06 | 母猫大师不爱出冲车 · tribute_sent a jugador 3 |
| 32:06 | 母猫大师不爱出冲车 · tribute_sent a jugador 4 |
| 32:06 | 母猫大师不爱出冲车 · tribute_sent a jugador 5 |
| 32:06 | 母猫大师不爱出冲车 · tribute_sent a jugador 6 |
| 32:06 | 母猫大师不爱出冲车 · tribute_sent a jugador 7 |
| 32:06 | 母猫大师不爱出冲车 · tribute_sent a jugador 8 |
| 33:02 | CNZS_KK · wall_segment Stone Wall x1 |
| 33:55 | 角巻肚肚鳥 · age_up imperial |
| 34:06 | zz0822 · wall_segment Stone Wall x1 |
| 34:07 | zz0822 · wall_segment Stone Wall x1 |
| 34:29 | zz0822 · wall_segment Stone Wall x1 |
| 34:32 | 萊姆王帥帥毛 · age_up imperial |
| 34:36 | zz0822 · wall_segment Stone Wall x1 |
| 34:37 | zz0822 · wall_segment Stone Wall x1 |
| 34:49 | 母猫大师不爱出冲车 · tribute_sent a jugador 2 |
| 34:49 | 母猫大师不爱出冲车 · tribute_sent a jugador 3 |
| 34:49 | 母猫大师不爱出冲车 · tribute_sent a jugador 4 |
| 34:49 | 母猫大师不爱出冲车 · tribute_sent a jugador 5 |
| 34:49 | 母猫大师不爱出冲车 · tribute_sent a jugador 6 |
| 34:49 | 母猫大师不爱出冲车 · tribute_sent a jugador 7 |
| 34:49 | 母猫大师不爱出冲车 · tribute_sent a jugador 8 |
| 34:54 | bbcc · age_up imperial |
| 34:59 | 角巻肚肚鳥 · first_building Archery Range |
| 36:37 | 状态好冲k分 · wall_segment Stone Wall x4 |
| 36:59 | mkild12592512ihad · age_up imperial |
| 37:46 | 状态好冲k分 · wall_segment Stone Wall x7 |
| 38:13 | 状态好冲k分 · wall_segment Stone Wall x1 |
| 38:25 | 状态好冲k分 · wall_segment Stone Wall x1 |
| 38:53 | bbcc · wall_segment Stone Wall x7 |
| 38:58 | 母猫大师不爱出冲车 · tribute_sent a jugador 2 |
| 38:58 | 母猫大师不爱出冲车 · tribute_sent a jugador 3 |
| 38:58 | 母猫大师不爱出冲车 · tribute_sent a jugador 4 |
| 38:58 | 母猫大师不爱出冲车 · tribute_sent a jugador 5 |
| 38:58 | 母猫大师不爱出冲车 · tribute_sent a jugador 6 |
| 38:58 | 母猫大师不爱出冲车 · tribute_sent a jugador 7 |
| 38:58 | 母猫大师不爱出冲车 · tribute_sent a jugador 8 |
| 39:09 | mkild12592512ihad · first_market_buy 100 wood |
| 42:04 | 角巻肚肚鳥 · first_market_sell 500 wood |
| 42:32 | zz0822 · resign |
[ AI ANALYSIS · 1 CREDIT ]
What really happened in this match?
Wolo.gg analyzes every decision: build order, eco, micro, common mistakes by bracket. Personalized analysis on WhatsApp or Discord in 30 seconds.
Civ guide
Spanish
Perfil
mkild12592512ihad